 Dungeon Crawl Stone Soup version 0.29-a0-187-ga23d9638d5 (webtiles) character file.

Game seed: 11696901692681224784

7026 ZeroWinrate the Archer (level 11, -6/83 HPs)
             Began as a Gnoll Wanderer on Feb 21, 2022.
             Was an Initiate of Gozag.
             Mangled by a freezing wraith (8 damage)
             ... in an ice cave.
             The game lasted 00:21:13 (9218 turns).

ZeroWinrate the Archer (Gnoll Wanderer)             Turns: 9218, Time: 00:21:13

Health: -6/83      AC: 15    Str: 11    XL:     11   Next: 8%
Magic:  21/21      EV: 14    Int: 19    God:    Gozag
Gold:   459        SH:  0    Dex: 15    Spells: 5/23 levels left

rFire   + . .      SeeInvis .   a - +2 shortbow
rCold   + . .      Faith    .   (shield currently unavailable)
rNeg    . . .      Spirit   .   y - +5 ring mail of Ruud {rCorr Str+2 Int-2}
rPois   +          Reflect  .   l - +2 helmet
rElec   +          Harm     .   (no cloak)
rCorr   +          Rampage  .   b - +0 pair of gloves
Will    +....                   (no boots)
Stlth   +++.......              j - amulet of regeneration
HPRegen 1.03/turn               J - +6 ring of intelligence
MPRegen 0.17/turn               C - ring of willpower

@: resistant, slowed, invisible, very slow
A: fangs 1, strong nose, distributed training
a: Renounce Religion, Potion Petition, Call Merchant, Bribe Branch


You were in an ice cave.
You worshipped Gozag.
Gozag was aware of your devotion.
You visited 2 branches of the dungeon, and saw 12 of its levels.
You also visited: Ice Cave.

You collected 1079 gold pieces.
You paid 620 gold pieces to Gozag.

Inventory:

Hand Weapons
 a - a +2 shortbow (weapon)
 E - a +0 long sword of flaming
 F - the +7 flail of Zaheits {chaos, Fragile Str+3}
   (You found it on level 8 of the Dungeon)

   Each time it hits an enemy it has a different, random effect.
   Str:       It affects your strength (+3).
   Fragile:   It will be destroyed if unequipped.
 G - the +3 war axe of Zecas {vorpal, *Noise rPois rF+ Dex+2}
   (You found it on level 8 of the Dungeon)

   It inflicts extra damage upon your enemies.
   Dex:       It affects your dexterity (+2).
   rF:        It protects you from fire.
   rPois:     It protects you from poison.
   *Noise:    It may make noises in combat.
Missiles
 x - a javelin (quivered)
Armour
 b - a +0 pair of gloves (worn)
 c - a +0 robe
 l - a +2 helmet (worn)
 y - the +5 ring mail of Ruud (worn) {rCorr Str+2 Int-2}
   (You found it on level 6 of the Dungeon)

   Str:       It affects your strength (+2).
   Int:       It affects your intelligence (-2).
   rCorr:     It protects you from acid and corrosion.
Jewellery
 h - an amulet of guardian spirit
 j - an amulet of regeneration (around neck)
 C - a ring of willpower (right hand)
 J - a +6 ring of intelligence (left hand)
Wands
 n - a wand of polymorph (7)
 s - a wand of charming (1)
 t - a wand of flame (48)
Scrolls
 k - a scroll of vulnerability
 m - 4 scrolls of fog
 q - 5 scrolls of amnesia
 u - 6 scrolls of teleportation
 z - a scroll of fear
Potions
 d - a potion of attraction {unknown}
 e - 2 potions of degeneration {unknown}
 f - 2 potions of berserk rage {unknown}
 g - 2 potions of invisibility {unknown}
 i - 5 potions of flight {unknown}
 o - 7 potions of curing {unknown}
 p - 4 potions of lignification {unknown}
 r - a potion of ambrosia {unknown}
 w - 4 potions of brilliance {unknown}
 A - 3 potions of haste {unknown}
 B - 2 potions of magic {unknown}
 D - a potion of might {unknown}
 K - a potion of mutation {unknown}


   Skills:
 + Level 6.5 Fighting
 + Level 5.9 Short Blades
 + Level 5.9 Long Blades
 + Level 5.9 Axes
 + Level 5.9 Maces & Flails
 + Level 5.9 Polearms
 + Level 5.9 Staves
 + Level 5.9 Slings
 + Level 10.4 Bows
 + Level 5.9 Crossbows
 + Level 5.9 Throwing
 + Level 5.9 Armour
 + Level 9.0 Dodging
 + Level 5.9 Stealth
 + Level 5.9 Shields
 + Level 5.9 Unarmed Combat
 + Level 6.6 Spellcasting
 + Level 4.9 Conjurations
 + Level 4.9 Hexes
 + Level 4.9 Summonings
 + Level 5.4 Necromancy
 + Level 4.9 Translocations
 + Level 4.9 Transmutations
 + Level 4.9 Fire Magic
 + Level 4.9 Ice Magic
 + Level 4.9 Air Magic
 + Level 4.9 Earth Magic
 + Level 4.9 Poison Magic
 + Level 6.5 Invocations
 + Level 5.9 Evocations


You had 5 spell levels left.
You knew the following spells:

 Your Spells              Type           Power      Damage    Failure   Level
a - Inner Flame           Hex/Fire       25%        N/A       9%          3
b - Cause Fear            Hex            12%        N/A       28%         4
c - Swiftness             Air            25%        N/A       9%          3
d - Borgnjor's Vile Clut  Necr/Erth      13%        N/A       58%         5
e - Summon Guardian Gole  Hex/Summ       25%        N/A       9%          3

Your spell library contained the following spells:

 Spells                   Type           Power      Damage    Failure   Level
 Apportation              Tloc           50%        N/A       3%          1
 Sublimation of Blood     Necr           26%        N/A       3%          2
 Corpse Rot               Necr/Air       52%        N/A       4%          2
 Ensorcelled Hibernation  Hex/Ice        50%        N/A       4%          2
 Passwall                 Tmut/Erth      20%        N/A       4%          2
 Alistair's Intoxication  Tmut/Pois      16%        N/A       63%         5
 Eringya's Noxious Bog    Tmut/Pois      12%        N/A       99%         6
 Orb of Destruction       Conj           12%        9d7       100%        7
 Spellforged Servitor     Conj/Summ      12%        N/A       100%        7
 Discord                  Hex            12%        N/A       100%        8


Dungeon Overview and Level Annotations

Branches:
Dungeon (11/15)            Temple (1/1) D:6            Lair (0/6) D:9
    Orc (0/2) D:11          IceCv (1/1)

Altars:
Ashenzari
Cheibriados
Dithmenos
Elyvilon
Fedhas
Gozag
Hepliaklqana
Kikubaaqudgha
Makhleb
Nemelex Xobeh
Okawaru
Qazlal
Ru
Sif Muna
Trog
Uskayaw
Vehumet
Wu Jian
Xom
Yredelemnul
Zin
The Shining One
Lugonu

Annotations:
D:4 2 transporters, Arielle's ghost, amateur HuSu IceCv 1 transporter


Innate Abilities, Weirdness & Mutations

You have very sharp teeth.
Your uncanny sense of smell can sniff out nearby items.
Your experience applies equally to all skills.


Message History

The arrow barely misses the freezing wraith.
The freezing wraith hits you but does no damage.
The freezing wraith closely misses you. The freezing wraith hits you.
The freezing wraith freezes you. You resist.
The freezing wraith hits you but does no damage.
Unknown command.
Shoot: a) +2 shortbow
Press: ? - help, Shift-Dir - straight line, f/p - freezing wraith
Aim: a freezing wraith (moderately damaged)
You shoot an arrow.
The arrow barely misses the freezing wraith.
The freezing wraith closely misses you. The freezing wraith barely misses you.
Unknown command.
Unknown command.
Shoot: a) +2 shortbow
Press: ? - help, Shift-Dir - straight line, f/p - freezing wraith
Aim: a freezing wraith (moderately damaged)
You shoot an arrow.
The arrow hits the freezing wraith but does no damage.
The freezing wraith is moderately damaged.
The freezing wraith hits you but does no damage.
The freezing wraith completely misses you.
The freezing wraith hits you. The freezing wraith freezes you! You resist.
The freezing wraith hits you but does no damage.
Unknown command.
Shoot: a) +2 shortbow
Press: ? - help, Shift-Dir - straight line, f/p - freezing wraith
Aim: a freezing wraith (moderately damaged)
You shoot an arrow.
The arrow closely misses the freezing wraith.
The freezing wraith hits you!
* * * LOW HITPOINT WARNING * * *
The freezing wraith freezes you! You resist.
* * * LOW HITPOINT WARNING * * *
The freezing wraith hits you but does no damage.
The freezing wraith hits you!
* * * LOW HITPOINT WARNING * * *
The freezing wraith freezes you! You resist.
You die...
Your body crumbles into a pile of gold.

#######
##.....##
##...∩...##
##.........##
#....$∩.....#
#......$....#
##....$......##
#.....@W......#
#....8...8....#
#......)......#
##..../[?....##
#...?.©.$...#
##...8©8...##
###########
8..©..8
8.......8


You could see a freezing wraith.

Vanquished Creatures
  4 lindwurms (D:9)
  An elephant (D:10)
  Maggie (D:7)
  A troll (D:10)
  2 shadows
  A wyvern (D:6)
  A steam dragon (D:7)
  Duvessa (D:4)
  2 water moccasins
  A sky beast (D:7)
  2 orc warriors
  2 black bears
  A necrophage (D:7)
  An ogre (D:4)
  4 centaurs
  Blork the orc (D:4)
  3 bullfrogs (D:7)
  2 scorpions
  A water moccasin zombie (D:6)
  2 water moccasin skeletons (D:5)
  Dowan (D:4)
  3 killer bees (D:9)
  A wight (D:6)
  2 howler monkeys
  4 centaur zombies
  A centaur skeleton (D:5)
  3 orc priests
  9 hounds
  A gnoll shaman (D:7)
  5 iguanas
  5 orc wizards
  A wolf simulacrum (IceCv)
  A hound skeleton (D:4)
  6 gnolls
  A howler monkey skeleton (D:6)
  2 howler monkey zombies
  7 adders
  A shadow imp (D:5)
  2 white imps (D:6)
  2 ufetubi
  2 worms (D:5)
  A dart slug (D:3)
  31 orcs
  6 ball pythons
  5 endoplasms
  2 giant cockroaches
  5 goblins
  6 hobgoblins
  3 quokkas
  3 bats
  3 frilled lizards
  4 kobolds
  3 rats
166 creatures vanquished.

Vanquished Creatures (collateral kills)
  A troll (D:11)
  2 death yak simulacra (IceCv)
  2 centaurs
  2 howler monkeys (D:9)
  2 orcs (D:11)
9 creatures vanquished.

Vanquished Creatures (others)
  An acid dragon (D:9)
  6 plants (D:4)
7 creatures vanquished.

Grand Total: 182 creatures vanquished

Notes
Turn   | Place    | Note
-------+----------+-------------------------------------------
     0 | D:1      | ZeroWinrate the Gnoll Wanderer began the quest for the Orb.
     0 | D:1      | ZeroWinrate set off with the following items: a +2
                  | shortbow, a +0 pair of gloves, a +0 robe; and the following
                  | spells available to memorise: Sublimation of Blood, Corpse
                  | Rot
     0 | D:1      | Reached XP level 1. HP: 17/17 MP: 4/4
   251 | D:1      | Reached XP level 2. HP: 21/23 MP: 5/5
   369 | D:1      | Reached XP level 3. HP: 28/28 MP: 7/7
   415 | D:1      | You fall into a shaft and drop 1 floor!
   434 | D:2      | Found a bloodstained altar of Trog.
   527 | D:2      | Reached skill level 1 in Short Blades
   527 | D:2      | Reached skill level 1 in Long Blades
   527 | D:2      | Reached skill level 1 in Axes
   527 | D:2      | Reached skill level 1 in Maces & Flails
   527 | D:2      | Reached skill level 1 in Polearms
   527 | D:2      | Reached skill level 1 in Staves
   527 | D:2      | Reached skill level 1 in Slings
   527 | D:2      | Reached skill level 1 in Crossbows
   527 | D:2      | Reached skill level 1 in Throwing
   527 | D:2      | Reached skill level 1 in Armour
   527 | D:2      | Reached skill level 1 in Stealth
   527 | D:2      | Reached skill level 1 in Shields
   527 | D:2      | Reached skill level 1 in Unarmed Combat
   527 | D:2      | Reached skill level 1 in Invocations
   527 | D:2      | Reached skill level 1 in Evocations
   527 | D:2      | Reached XP level 4. HP: 34/34 MP: 8/8
   828 | D:3      | Found a radiant altar of Vehumet.
  1010 | D:3      | Found a stormy altar of Qazlal.
  1010 | D:3      | Found a bloodstained altar of Trog.
  1314 | D:3      | Reached skill level 1 in Conjurations
  1314 | D:3      | Reached skill level 1 in Hexes
  1314 | D:3      | Reached skill level 1 in Summonings
  1314 | D:3      | Reached skill level 1 in Translocations
  1314 | D:3      | Reached skill level 1 in Transmutations
  1314 | D:3      | Reached skill level 1 in Fire Magic
  1314 | D:3      | Reached skill level 1 in Ice Magic
  1314 | D:3      | Reached skill level 1 in Air Magic
  1314 | D:3      | Reached skill level 1 in Earth Magic
  1314 | D:3      | Reached skill level 1 in Poison Magic
  1843 | D:4      | Reached XP level 5. HP: 40/40 MP: 9/9
  2006 | D:4      | Found a hazy altar of Hepliaklqana.
  2057 | D:4      | Noticed Arielle's ghost (amateur HuSu)
  2111 | D:4      | Noticed Dowan
  2113 | D:4      | Noticed Duvessa
  2121 | D:4      | Killed Duvessa
  2122 | D:4      | Reached XP level 6. HP: 47/47 MP: 9/11
  2123 | D:4      | Killed Dowan
  2128 | D:4      | Noticed Blork the orc
  2141 | D:4      | Killed Blork the orc
  2623 | D:4      | Found a transporter.
  2623 | D:4      | Found a transporter.
  2691 | D:4      | Found a shadowy altar of Dithmenos.
  2805 | D:5      | Entered Level 5 of the Dungeon
  2813 | D:4      | Reached XP level 7. HP: 52/52 MP: 12/12
  3119 | D:5      | Reached skill level 9 in Bows
  3207 | D:5      | Found a snail-covered altar of Cheibriados.
  3347 | D:5      | Reached XP level 8. HP: 52/60 MP: 14/14
  3592 | D:5      | Found a broken altar of Ashenzari.
  3593 | D:5      | Found a burning altar of Makhleb.
  3595 | D:5      | Found a glowing silver altar of Zin.
  3961 | D:6      | Noticed a wyvern
  3967 | D:6      | Killed a wyvern
  4090 | D:6      | Found an ornate altar of the Wu Jian Council.
  4766 | D:6      | Identified the +5 ring mail of Ruud {rCorr Str+2 Int-2}
  4782 | D:6      | Learned a level 3 spell: Inner Flame
  4787 | D:6      | Learned a level 4 spell: Cause Fear
  4974 | D:6      | Found a staircase to the Ecumenical Temple.
  5136 | D:7      | Noticed Maggie
  5146 | D:7      | Reached XP level 9. HP: 57/66 MP: 16/16
  5149 | D:7      | Killed Maggie
  5150 | D:7      | Reached skill level 5 in Spellcasting
  5344 | D:7      | Reached skill level 5 in Fighting
  5462 | D:7      | Found a hide-covered altar of Uskayaw.
  5738 | D:7      | Reached skill level 5 in Invocations
  6101 | Temple   | Entered the Ecumenical Temple
  6144 | Temple   | Became a worshipper of Gozag Ym Sagoz the Greedy
  6721 | D:8      | Identified the +7 flail of Zaheits {chaos, Fragile Str+3}
  6992 | D:8      | Identified the +3 war axe of Zecas {vorpal, *Noise rPois
                  | rF+ Dex+2}
  7043 | D:9      | Reached XP level 10. HP: 74/74 MP: 18/18
  7128 | D:9      | Found a staircase to the Lair.
  7130 | D:9      | Noticed a lindwurm
  7164 | D:9      | Noticed a lindwurm
  7175 | D:9      | Killed a lindwurm
  7176 | D:9      | Reached skill level 5 in Short Blades
  7176 | D:9      | Reached skill level 5 in Long Blades
  7176 | D:9      | Reached skill level 5 in Axes
  7176 | D:9      | Reached skill level 5 in Maces & Flails
  7176 | D:9      | Reached skill level 5 in Polearms
  7176 | D:9      | Reached skill level 5 in Staves
  7176 | D:9      | Reached skill level 5 in Slings
  7176 | D:9      | Reached skill level 5 in Crossbows
  7176 | D:9      | Reached skill level 5 in Throwing
  7176 | D:9      | Reached skill level 5 in Armour
  7176 | D:9      | Reached skill level 5 in Stealth
  7176 | D:9      | Reached skill level 5 in Shields
  7176 | D:9      | Reached skill level 5 in Unarmed Combat
  7176 | D:9      | Reached skill level 5 in Evocations
  7179 | D:9      | Noticed a lindwurm
  7182 | D:9      | Noticed a lindwurm
  7247 | D:9      | Killed a lindwurm
  7248 | D:9      | Reached skill level 10 in Bows
  7258 | D:9      | Killed a lindwurm
  7282 | D:9      | Killed a lindwurm
  7283 | D:9      | Reached skill level 5 in Necromancy
  7344 | D:9      | Found a sparkling altar of Nemelex Xobeh.
  7796 | D:9      | Found the +10 dark maul {vorpal}
  7850 | D:10     | Entered Level 10 of the Dungeon
  8043 | D:10     | Noticed a cyclops
  8070 | D:10     | Noticed an elephant
  8070 | D:10     | a cyclops changed into an elephant
  8086 | D:10     | Killed an elephant
  8242 | D:10     | Found an iron altar of Okawaru.
  9093 | D:11     | Found a staircase to the Orcish Mines.
  9144 | D:11     | Reached XP level 11. HP: 71/83 MP: 20/20
  9145 | D:11     | Found a frozen archway.
  9172 | D:11     | Learned a level 3 spell: Swiftness
  9178 | D:11     | Learned a level 5 spell: Borgnjor's Vile Clutch
  9182 | D:11     | Learned a level 3 spell: Summon Guardian Golem
  9184 | IceCv    | Entered an ice cave
  9196 | IceCv    | Found a transporter.
  9218 | IceCv    | HP: 2/83 [freezing wraith (7)]
  9218 | IceCv    | Mangled by a freezing wraith

Illustrated notes

Levels and vault maps discovered:
D:1:      lightli_arrival_statue_moat, layout_loops_ring,
          nicolae_ecumenical_snake_handling
D:2:      layout_rooms, basic_altar, minmay_misc_feat_four_crosses
D:3:      layout_loops_corners, vehumet_crystals, jmf_multi_god_temple
D:4:      layout_basic, general_overflow_altar, mainiacjoe_overflow_brackets,
          gammafunk_ghost_gnarly_gnolls, dk_noncrumbling_2, uniq_blork_the_orc,
          uniq_duvessa
D:5:      layout_loops_corners, lemuel_round_altar, minitemple
D:6:      layout_basic, nzn_wu_jian_contemplation,
          minmay_temple_entry_overgrown, minmay_starry_boxes
D:7:      layout_loops_ring, nicolae_uskayaw_murder_on_the_dancefloor,
          uniq_maggie
D:8:      layout_gridville
D:9:      layout_basic, lemuel_round_altar, lair_entry_dummy, serial_glass,
          glass_columns_a, glass_columns_b, st_stairs_14, minmay_lindwurm_lava
D:10:     layout_stronghold, okawaru_gym_becter
D:11:     layout_cave_pools, david_orc_2, portal_ice_cave_entry_pillars_2,
          nicolae_zen_rock_garden
Temple:   corrupted_temple
IceCv:    ice_cave_statue_garden_transporter

Skill      XL: |  1  2  3  4  5  6  7  8  9 10 11 |
---------------+----------------------------------+-----
Necromancy     | 2 3 4 5 |  5.4
Short Blades   | 1 2 3 4 5 |  5.9
Long Blades    | 1 2 3 4 5 |  5.9
Axes           | 1 2 3 4 5 |  5.9
Maces & Flails | 1 2 3 4 5 |  5.9
Polearms       | 1 2 3 4 5 |  5.9
Staves         | 1 2 3 4 5 |  5.9
Slings         | 1 2 3 4 5 |  5.9
Crossbows      | 1 2 3 4 5 |  5.9
Throwing       | 1 2 3 4 5 |  5.9
Armour         | 1 2 3 4 5 |  5.9
Stealth        | 1 2 3 4 5 |  5.9
Shields        | 1 2 3 4 5 |  5.9
Unarmed Combat | 1 2 3 4 5 |  5.9
Invocations    | 1 2 3 4 5 6 |  6.5
Evocations     | 1 2 3 4 5 |  5.9
Spellcasting   | 3 4 5 6 |  6.6
Conjurations   | 1 2 3 4 |  4.9
Hexes          | 1 2 3 4 |  4.9
Summonings     | 1 2 3 4 |  4.9
Translocations | 1 2 3 4 |  4.9
Transmutations | 1 2 3 4 |  4.9
Fire Magic     | 1 2 3 4 |  4.9
Ice Magic      | 1 2 3 4 |  4.9
Air Magic      | 1 2 3 4 |  4.9
Earth Magic    | 1 2 3 4 |  4.9
Poison Magic   | 1 2 3 4 |  4.9
Fighting       | 3 4 5 6 |  6.5
Dodging        | 7 8 9 |  9.0
Bows           | 9 10 | 10.4

Action                   |  1- 3 |  4- 6 |  7- 9 | 10-12 || total
-------------------------+-------+-------+-------+-------++-------
Melee: War axe           |       |       |       |     6 ||     6
 Fire: Shortbow          |    40 |    92 |   357 |   202 ||   691
Throw: Javelin           |       |       |     5 |       ||     5
 Cast: Inner Flame       |       |       |     2 |       ||     2
Invok: Potion Petition   |       |       |       |     1 ||     1
Evoke: Wand              |       |    14 |    23 |    14 ||    51
  Use: Scroll            |       |       |     4 |     3 ||     7
       Potion            |       |       |       |     4 ||     4
Armor: Robe              |     1 |     4 |    24 |       ||    29
       Ring mail         |       |       |    52 |    61 ||   113
Dodge: Dodged            |     5 |    15 |   154 |   103 ||   277

Table legend: (Time is in decaauts)
 A = Elapsed time spent in this place.
 B = Non-inter-level travel time spent in this place.
 C = Inter-level travel time spent in this place.
 D = Time resting spent in this place.
 E = Time spent auto-exploring this place.
 F = Levels seen in this place.
 G = Mean time per level.
                   A        B        C        D        E       F      G
               +--------+--------+--------+--------+--------+-----+--------+
         Total |   9300 |   8616 |    684 |    412 |   6567 |  13 |  715.4 |
       Dungeon |   9201 |   8531 |    670 |    412 |   6543 |  11 |  836.5 |
        Temple |     56 |     43 |     13 |      0 |     24 |   1 |   56.0 |
      Ice Cave |     42 |     42 |      0 |      0 |      0 |   1 |   42.0 |
               +--------+--------+--------+--------+--------+-----+--------+

Top non-repeatable levels by time:
     D:6: 1411 daAuts
    D:10: 1242 daAuts
     D:4: 1161 daAuts
     D:5: 1003 daAuts
     D:7: 965 daAuts
     D:3: 933 daAuts
     D:9: 852 daAuts
     D:8: 797 daAuts
     D:1: 416 daAuts
     D:2: 316 daAuts
    D:11: 101 daAuts
  Temple: 56 daAuts
   IceCv: 42 daAuts
